 Dungeon Crawl Stone Soup version 0.29-a0-872-g797fff5ad1 (console) character file.

Game seed: 7229974864248457812

26177 CannotBeFrozen the Fighter (level 12, -1/118 HPs)
             Began as a Demigod Gladiator on July 17, 2022.
             Slain by an eight-headed hydra (9 damage)
             ... on level 2 of the Lair of Beasts on July 18, 2022.
             The game lasted 01:09:11 (19672 turns).

CannotBeFrozen the Fighter (Demigod Gladiator)     Turns: 19672, Time: 01:09:11

Health: -1/118     AC: 19    Str: 23    XL:     12   Next: 59%
Magic:  0/33       EV:  8    Int: 18    God:
Gold:   939        SH:  0    Dex: 15    Spells: 11/11 levels left

rFire   + . .      SeeInvis .   a - +1 quarterstaff
rCold   . . .      Faith    .   (shield currently unavailable)
rNeg    . . .      Spirit   +   z - +2 plate armour {rF+}
rPois   +          Reflect  .   c - +1 helmet
rElec   .          Harm     .   e - +2 cloak {Stlth+}
rCorr   .          Rampage  .   s - +0 pair of gloves
Will    +....                   O - -1 pair of boots of Winter {MP+9}
Stlth   ..........              L - amulet of guardian spirit
HPRegen 0.29/turn               F - ring of magical power
MPRegen 0.23/turn               J - ring of poison resistance

@: no status effects
A: high MP 1, forlorn, divine attributes
a: no special abilities


You were on level 2 of the Lair of Beasts.
You visited 2 branches of the dungeon, and saw 14 of its levels.
You also visited: Sewer and Volcano.

You collected 965 gold pieces.
You spent 26 gold pieces at shops.

Inventory:

Hand Weapons
 a - a +1 quarterstaff (weapon)
 b - a +3 halberd
 P - a +2 scimitar of flaming
Missiles
 d - 3 throwing nets {=f=F}
 n - 13 poisoned darts (quivered)
 p - 8 boomerangs
 D - 7 javelins
 R - a curare-tipped dart {=f=F}
Armour
 c - a +1 helmet (worn)
 e - a +2 cloak of stealth (worn)
 j - a +0 troll leather armour
 s - a +0 pair of gloves (worn)
 z - a +2 plate armour of fire resistance (worn)
 O - the -1 pair of boots of Winter (worn) {MP+9}
   (You found it on level 10 of the Dungeon)

   MP:        It affects your magic capacity (+9).
Jewellery
 h - a ring of see invisible
 t - a ring of fire
 C - a ring of flight
 F - a ring of magical power (left hand)
 J - a ring of poison resistance (right hand)
 L - an amulet of guardian spirit (around neck)
Wands
 u - a wand of quicksilver (8)
 y - a wand of digging (8)
 G - a wand of charming (17)
Scrolls
 i - 6 scrolls of teleportation {@r2}
 l - a scroll of amnesia
 m - 3 scrolls of immolation
 v - a scroll of enchant weapon
 A - 2 scrolls of magic mapping
 H - 3 scrolls of enchant armour
 I - a scroll of brand weapon {unknown}
 N - 3 scrolls of fog
 Q - a scroll of poison
Potions
 f - 2 potions of lignification
 g - 3 potions of magic
 k - 2 potions of resistance
 o - 3 potions of curing {@q1}
 q - 4 potions of haste
 r - 4 potions of heal wounds {@q2}
 w - a potion of attraction
 x - 2 potions of might
 E - 8 potions of brilliance
 K - a potion of flight
 M - 2 potions of invisibility
 S - 3 potions of cancellation
 T - a potion of mutation
Miscellaneous
 B - a lightning rod (4/4)


   Skills:
 + Level 14.3 Fighting
 - Level 14.0 Staves
 - Level 2.0 Throwing
 - Level 3.0 Armour
 - Level 4.0 Dodging


You had 11 spell levels left.
You didn't know any spells.
Your spell library contained the following spells:

 Spells                   Type           Power      Damage    Failure   Level
 Apportation              Tloc           0%         N/A       99%         1
 Beastly Appendage        Tmut           0%         N/A       99%         1
 Shock                    Conj/Air       0%         1d3       99%         1
 Wereblood                Tmut           0%         N/A       100%        2
 Gell's Gravitas          Tloc           0%         N/A       100%        3
 Lesser Beckoning         Tloc           0%         N/A       100%        3
 Spider Form              Tmut/Pois      0%         N/A       100%        3
 Swiftness                Air            0%         N/A       100%        3
 Teleport Other           Tloc           0%         N/A       100%        3
 Airstrike                Air            0%         0-1+      100%        4
 Fulminant Prism          Conj/Hex       0%         3d6       100%        4
 Iskenderun's Mystic Bla  Conj/Tloc      0%         2d3       100%        4
 Alistair's Intoxication  Tmut/Pois      0%         N/A       100%        5
 Lee's Rapid Deconstruct  Erth           0%         3d5*      100%        5


Dungeon Overview and Level Annotations

Branches:
Dungeon (11/15)            Temple (0/1) D:5            Lair (3/6) D:10
 Spider (0/4) Lair:3        Sewer (visited)         Volcano (visited)
  Swamp: Lair:2-3    Shoals: Lair:2-3       Orc: D:9-12

Shops:
D:2 *

Annotations:
D:11 Erolcha
Lair:3 3 runed translucent doors, Sekuso's ghost, journeyman OpFE


Innate Abilities, Weirdness & Mutations

You have an increased reservoir of magic. (+10% MP)
You shall have no god before yourself.
Your divine heritage dramatically boosts your attributes as you level up.


Message History

Okay, then.
What are your orders? t - Shout!
Orders for allies: a - Attack new target. r - Retreat! s - Stop attacking. g - Guard the area. f - Follow me.
Anything else - Cancel.
Retreat in which direction?
Press: ? - help, Dir - move target You can't see that place. [the floor.]
You can't see that place.
Okay, then.
What are your orders? t - Shout!
Orders for allies: a - Attack new target. r - Retreat! s - Stop attacking. g - Guard the area. f - Follow me.
Anything else - Cancel.
Retreat in which direction?
Press: ? - help, Dir - move target Fall back!
You see here a +0 pair of gloves.
There is a stone staircase leading up here.
You climb upwards.
The eight-headed hydra barely misses you.
The eight-headed hydra bites you.
* * * LOW HITPOINT WARNING * * *
The eight-headed hydra bites you.
* * * LOW MAGIC WARNING * * *;
* * * LOW HITPOINT WARNING * * *
The eight-headed hydra bites you but does no damage. x3
The eight-headed hydra bites you!
* * * LOW MAGIC WARNING * * *;
* * * LOW HITPOINT WARNING * * *
The eight-headed hydra completely misses you.
The eight-headed hydra bites you.
* * * LOW MAGIC WARNING * * *;
* * * LOW HITPOINT WARNING * * *
The eight-headed hydra bites you but does no damage. x4
The eight-headed hydra bites you!
* * * LOW MAGIC WARNING * * *
You die...

.<.## ....♣...P..........P♣.♣# ......... ...
....♣.P....PP....P...## ..............
.....................#
...........................♣.............#
............ .................P.PP♣..P..#
.....#.#+.. ................♣...♣P#....#
......#..#####.......................#...#
.....##.........#..P.#..#........#....#..#
................#.#....###...........##..#
......#.........##.......##.D...P........##
......#......#..##...†...#..@.............#
.....##.....##..###.##..P##.....##.......##
.....####.####...#.###..###.....#.##.#....##
.....###..#..#...<...............######....#
..........................................##
.........................................##
#...####.#.#.#######P#.#P####.##P#########
###.# ####### ####### ###### # ##


You could see an eight-headed hydra.

Vanquished Creatures
  A fire dragon (Volcano)
  A hydra (Lair:2)
  A two-headed ogre (D:10)
  3 lindwurms (Volcano)
  A cyclops (D:6)
  A black mamba (Lair:1)
  2 kobold demonologists (D:10)
  2 smoke demons (Volcano)
  A rime drake (Lair:3)
  4 cane toads
  4 komodo dragons
  2 trolls (D:10)
  5 dream sheep (Lair:3)
  5 blink frogs (Lair:3)
  A shadow (D:11)
  2 culicivoras (Lair:3)
  60 yaks
  A wraith (D:10)
  6 wyverns
  A basilisk (Lair:2)
  5 steam dragons
  Edmund (D:4)
  A hell hound (Volcano)
  3 water moccasins
  3 sky beasts
  3 orc warriors
  Pargi (Sewer)
  2 ice beasts (D:6)
  A black bear (D:4)
  5 centaurs
  An ogre (D:6)
  A phantom (D:5)
  6 kobold brigands
  Blork the orc (D:4)
  14 bullfrogs
  4 necrophages
  7 scorpions
  7 wights
  4 killer bees (D:10)
  2 jellies
  4 orc priests
  4 hounds
  5 iguanas
  Natasha (thrice) (D:3)
  3 hell rats
  12 orc wizards
  8 gnolls
  4 adders
  2 shadow imps (D:5)
  A white imp (D:8)
  4 ufetubi (D:6)
  2 worms
  4 dart slugs
  32 orcs
  7 ball pythons
  7 endoplasms
  10 giant cockroaches
  7 goblins
  9 hobgoblins
  10 jackals
  6 quokkas
  2 bats
  6 frilled lizards
  21 kobolds
  2 rats (D:1)
  3 rat zombies (D:3)
354 creatures vanquished.

Vanquished Creatures (others)
  Maurice (D:10)
  A bush (Lair:3)
  13 fungi
  35 plants
50 creatures vanquished.

Grand Total: 404 creatures vanquished

Notes
Turn   | Place    | Note
-------+----------+-------------------------------------------
     0 | D:1      | CannotBeFrozen the Demigod Gladiator began the quest for
                  | the Orb.
     0 | D:1      | Reached XP level 1. HP: 17/17 MP: 3/3
   339 | D:1      | Reached XP level 2. HP: 19/24 MP: 4/4
  1265 | D:2      | Reached XP level 3. HP: 28/29 MP: 5/5
  1277 | D:2      | Found Kaullidgh's General Store.
  1283 | D:2      | Bought a scroll of identify for 26 gold pieces
  2871 | D:4      | Noticed a scorpion
  2877 | D:4      | Killed a scorpion
  2878 | D:4      | Reached XP level 4. HP: 34/37 MP: 6/6
  2890 | D:3      | Reached skill level 5 in Staves
  3034 | D:4      | Noticed Natasha
  3112 | D:3      | Killed Natasha
  3113 | D:3      | Reached XP level 5. HP: 39/44 MP: 7/7
  3158 | D:4      | Noticed Edmund
  3450 | D:3      | Noticed Natasha
  3459 | D:3      | Killed Natasha
  3900 | D:3      | Noticed Natasha
  3928 | D:3      | Killed Natasha
  4193 | D:4      | Noticed Blork the orc
  4206 | D:4      | Reached XP level 6. HP: 23/51 MP: 8/8
  4698 | D:4      | Killed Blork the orc
  5192 | D:4      | Killed Edmund
  5193 | D:4      | Reached skill level 5 in Fighting
  5193 | D:4      | Reached XP level 7. HP: 61/61 MP: 9/9
  5562 | D:5      | Entered Level 5 of the Dungeon
  5733 | D:5      | Found a glowing drain.
  5751 | Sewer    | Entered a sewer
  5865 | Sewer    | Noticed Pargi
  5882 | Sewer    | Killed Pargi
  6058 | D:5      | Found a staircase to the Ecumenical Temple.
  6059 | D:5      | Upgraded the game from 0.29-a0-866-g0545e20025 to
                  | 0.29-a0-872-g797fff5ad1
  6288 | D:5      | Reached skill level 1 in Armour
  7342 | D:5      | Reached XP level 8. HP: 29/71 MP: 10/10
  7922 | D:6      | Noticed a cyclops
  7938 | D:6      | Killed a cyclops
  8159 | D:6      | Reached XP level 9. HP: 54/81 MP: 11/11
 10710 | D:8      | Reached XP level 10. HP: 91/92 MP: 13/13
 10991 | D:8      | Reached skill level 10 in Fighting
 11596 | D:9      | Reached skill level 10 in Staves
 13666 | D:10     | Entered Level 10 of the Dungeon
 13951 | D:10     | Noticed Maurice
 14032 | D:10     | Noticed a rust devil
 14047 | D:10     | Your ally Maurice died
 14136 | D:10     | Identified the -1 pair of boots of Winter {MP+9}
 14406 | D:10     | Reached XP level 11. HP: 102/102 MP: 14/14
 14554 | D:10     | Found a staircase to the Lair.
 14662 | D:10     | Noticed a two-headed ogre
 14689 | D:10     | Killed a two-headed ogre
 14913 | D:11     | Noticed Erolcha
 15063 | Lair:1   | Entered Level 1 of the Lair of Beasts
 15621 | Lair:1   | You fall into a shaft and drop 1 floor!
 15643 | Lair:2   | Noticed a four-headed hydra
 15808 | Lair:2   | Noticed an eight-headed hydra
 16684 | Lair:3   | Found a dark tunnel.
 16694 | Volcano  | Entered a volcano
 16835 | Volcano  | Noticed a lindwurm
 16850 | Volcano  | Killed a lindwurm
 16928 | Volcano  | Noticed a lindwurm
 16928 | Volcano  | Noticed a lindwurm
 16952 | Volcano  | Killed a lindwurm
 16953 | Volcano  | Reached XP level 12. HP: 43/115 MP: 8/15
 17070 | Volcano  | Noticed a fire dragon
 17111 | Volcano  | Killed a fire dragon
 17949 | Lair:2   | Killed a one-headed hydra
 18052 | Lair:2   | HP: 4/112 [hell rat (3)]
 19102 | Lair:3   | Found a runed translucent gate.
 19102 | Lair:3   | Noticed a four-headed hydra
 19135 | Lair:3   | Noticed Sekuso's ghost (journeyman OpFE)
 19140 | Lair:3   | Noticed a minotaur
 19146 | Lair:3   | Noticed a five-headed hydra
 19160 | Lair:3   | Found a runed translucent gate.
 19160 | Lair:3   | Found a runed translucent gate.
 19527 | Lair:3   | Found a hole to the Spider Nest.
 19672 | Lair:2   | Slain by an eight-headed hydra

Illustrated notes

Levels and vault maps discovered:
D:1:      heliophobic_arrival_ceremonial_halls, layout_loops_ring,
          shapermc_ecumenical_altar_mp_vishouse
D:2:      layout_loops_ring, serial_shops,
          nicolae_shop_temple_entry_statues_fountains,
          chequers_serial_rivers_large_a
D:3:      layout_loops_cross, amcnicky_altar_gilded,
          mainiacjoe_overflow_six_doors_small,
          lemuel_zombie_altar_kikubaaqudgha, jmf_multi_god_temple,
          kennysheep_slug_shrine, serial_rivers, chequers_serial_rivers_micro_d,
          chequers_serial_rivers_marsh, chequers_serial_rivers_micro_a,
          chequers_serial_rivers_micro_e, chequers_serial_rivers_micro_c,
          chequers_serial_rivers_micro_c
D:4:      layout_cave_pools, nicolae_overflow_two_pavilions,
          kennysheep_windowed_goal, uniq_blork_the_orc, uniq_edmund,
          uniq_natasha
D:5:      layout_loops_ring, nicolae_gozag_seed_capital,
          nicolae_hepliaklqana_hazy_memory, minmay_temple_entry_mini_moons,
          gup_sewer_entry_pipe, nicolae_sextant, corexii_shack
D:6:      cheibrodos_fzero, layout_basic, minmay_splitting_lines
D:7:      layout_basic, nicolae_dithmenos_the_darkroom, minivault_26
D:8:      layout_basic, trog_butcher_becter
D:9:      layout_gridville
D:10:     layout_loops_ring, nicolae_uskayaw_suspiria,
          okawaru_altar_gauntlet_db, dpeg_oklobed_lair, uniq_maurice
D:11:     layout_rooms, david_orc_2, uniq_erolcha
Lair:1:   layout_loops_ring
Lair:2:   layout_regular_city, grunt_forest_large_clearing_hut
Lair:3:   layout_chaotic_city, hellmonk_spider_entry_life_and_decay,
          maelrawn_ghost_gauntlet_escape, serial_forest,
          infiniplex_forest_lined_3_way, infiniplex_forest_clump_small,
          infiniplex_forest_clump_curved, infiniplex_forest_straight_2,
          infiniplex_forest_end_2, infiniplex_forest_clump_small,
          infiniplex_forest_join, lightli_volcano_entry_magma_tube,
          serial_bayou_shore_b

Skill      XL: |  1  2  3  4  5  6  7  8  9 10 11 12 |
---------------+-------------------------------------+-----
Staves         | 3 4 5 6 7 9 11 13 14 | 14.0
Fighting       | 2 3 5 6 8 9 11 13 14 | 14.3
Armour         | 1 3 |  3.0
Dodging        | 3 4 |  4.0
Throwing       | 2 |  2.0

Action                   |  1- 3 |  4- 6 |  7- 9 | 10-12 || total
-------------------------+-------+-------+-------+-------++-------
Melee: Quarterstaff      |   165 |   146 |   462 |  1008 ||  1781
       Scimitar          |       |       |       |     7 ||     7
       Punch             |       |       |       |     1 ||     1
Throw: Dart              |     2 |    14 |    22 |    62 ||   100
       Boomerang         |     1 |     7 |    18 |     4 ||    30
       Javelin           |     1 |       |     5 |       ||     6
       Throwing net      |       |       |     1 |       ||     1
Evoke: Wand              |       |       |     3 |    15 ||    18
  Use: Scroll            |     6 |    10 |     6 |     9 ||    31
       Potion            |       |     2 |     2 |     3 ||     7
 Stab: Sleeping          |     1 |       |     2 |     1 ||     4
       Distracted        |     1 |       |       |       ||     1
       Invisible         |       |       |       |     1 ||     1
Armor: Leather armour    |    76 |    44 |   174 |    59 ||   353
       Troll leather arm |       |       |       |   128 ||   128
       Steam dragon scal |       |       |       |    17 ||    17
       Plate armour      |       |       |       |   108 ||   108
Dodge: Dodged            |   107 |    91 |   277 |   434 ||   909

Table legend: (Time is in decaauts)
 A = Elapsed time spent in this place.
 B = Non-inter-level travel time spent in this place.
 C = Inter-level travel time spent in this place.
 D = Time resting spent in this place.
 E = Time spent auto-exploring this place.
 F = Levels seen in this place.
 G = Mean time per level.
                   A        B        C        D        E       F      G
               +--------+--------+--------+--------+--------+-----+--------+
         Total |  19410 |  18644 |    766 |   5079 |   8338 |  16 | 1213.1 |
       Dungeon |  14794 |  14065 |    729 |   3845 |   6491 |  11 | 1344.9 |
          Lair |   3839 |   3802 |     37 |   1006 |   1688 |   3 | 1279.7 |
         Sewer |    253 |    253 |      0 |    105 |     42 |   1 |  253.0 |
       Volcano |    522 |    522 |      0 |    122 |    117 |   1 |  522.0 |
               +--------+--------+--------+--------+--------+-----+--------+

Top non-repeatable levels by time:
     D:3: 2459 daAuts
     D:8: 2025 daAuts
     D:5: 1753 daAuts
  Lair:1: 1538 daAuts
     D:6: 1510 daAuts
  Lair:3: 1489 daAuts
     D:9: 1437 daAuts
     D:4: 1292 daAuts
    D:10: 1258 daAuts
     D:7: 1132 daAuts
     D:1: 1102 daAuts
  Lair:2: 812 daAuts
     D:2: 807 daAuts
 Volcano: 522 daAuts
   Sewer: 253 daAuts
